 Dungeon Crawl Stone Soup version 0.30.1-4-g462c640d31 (webtiles) character file.

Game seed: 12219340650354106014

1445 safid the Chiller (level 8, -1/65 HPs)
             Began as a Merfolk Ice Elementalist on Aug 21, 2023.
             Slain by a gnoll sergeant
             ... wielding a +0 trident
              (6 damage)
             ... on level 6 of the Dungeon.
             The game lasted 00:09:29 (5529 turns).

safid the Chiller (Merfolk Ice Elementalist)        Turns: 5529, Time: 00:09:29

Health: -1/65      AC: 10    Str: 17    XL:     8   Next: 75%
Magic:  6/16       EV: 12    Int: 19    God:
Gold:   274        SH:  5    Dex: 10    Spells: 9/18 levels left

rFire   . . .        G - +5 quarterstaff "Beeq" {flame, Str+3 Int+2 Dex-4}
rCold   . . .        (shield currently unavailable)
rNeg    . . .        a - +0 robe
rPois   .            h - +0 helmet
rElec   .            F - +0 cloak
rCorr   .            d - +0 pair of gloves
SInv    .            p - +0 pair of boots
Will    .....        g - amulet of reflection
Stlth   ++           H - +6 ring of strength
HPRegen 0.30/turn    C - +4 ring of protection
MPRegen 0.15/turn

%: reflection
@: no status effects
A: (nimble swimmer 2), mertail
a: no special abilities


You were on level 6 of the Dungeon.
You visited 1 branch of the dungeon, and saw 6 of its levels.
You also visited: Sewer.

You collected 274 gold pieces.

Inventory:

Hand Weapons
 G - the +5 quarterstaff "Beeq" (weapon) {flame, Str+3 Int+2 Dex-4}
   (You took it off an orc priest on level 5 of the Dungeon)

   Str:       It affects your strength (+3).
   Int:       It affects your intelligence (+2).
   Dex:       It affects your dexterity (-4).
Armour
 a - a +0 robe (worn)
 d - a +0 pair of gloves (worn)
 h - a +0 helmet (worn)
 p - a +0 pair of boots (worn)
 F - a +0 cloak (worn)
Jewellery
 f - a ring of wizardry
 g - an amulet of reflection (around neck)
 C - a +4 ring of protection (right hand)
 H - a +6 ring of strength (left hand)
Wands
 D - a wand of polymorph (9)
Scrolls
 c - 2 scrolls of fear
 e - 2 scrolls of identify
 i - 2 scrolls of poison {unknown}
 k - 8 scrolls of teleportation
 l - a scroll of fog {unknown}
 s - 2 scrolls of enchant weapon {unknown}
 v - a scroll of butterflies {unknown}
 w - a scroll of blinking {unknown}
 y - a scroll of torment {unknown}
Potions
 b - 3 potions of magic
 m - 3 potions of might
 o - 2 potions of invisibility {unknown}
 q - 2 potions of haste {unknown}
 r - a potion of attraction {unknown}
 t - a potion of lignification {unknown}
 x - 2 potions of heal wounds {unknown}
 z - a potion of experience {unknown}
 A - 2 potions of cancellation {unknown}
 B - a potion of ambrosia {unknown}
 E - a potion of curing {unknown}


   Skills:
 + Level 6.3 Fighting
 + Level 3.3 Dodging
 - Level 2.1 Stealth
 + Level 5.7 Spellcasting
 + Level 0.8 Translocations
 + Level 7.9 Ice Magic


You had 9 spell levels left.
You knew the following spells:

 Your Spells              Type           Power      Damage    Failure   Level
a - Freeze                Ice            100%       1d10      1%          1
b - Frozen Ramparts       Ice            70%        1d11      1%          3
c - Ozocubu's Armour      Ice            35%        N/A       1%          3
d - Blink                 Tloc           16%        N/A       12%         2

Your spell library contained the following spells:

 Spells                   Type           Power      Damage    Failure   Level
 Summon Small Mammal      Summ           20%        N/A       12%         1
 Lesser Beckoning         Tloc           16%        N/A       12%         2
 Momentum Strike          Conj/Tloc      14%        3d8       14%         2
 Summon Ice Beast         Ice/Summ       20%        N/A       22%         4
 Call Canine Familiar     Summ           5%         N/A       34%         3
 Stone Arrow              Conj/Erth      10%        3d7       34%         3
 Summon Guardian Golem    Hex/Summ       5%         N/A       34%         3
 Animate Armour           Summ/Erth      10%        N/A       75%         4
 Lehudib's Crystal Spear  Conj/Erth      2%         10d2      100%        8


Dungeon Overview and Level Annotations

Branches:
Dungeon (6/15)              Sewer (visited)
 Temple: D:4-7

Altars:
Ashenzari
Trog
Yredelemnul

Shops:
D:1 :

Annotations:
D:2 1 runed translucent door, Crazy Yiuf


Innate Abilities, Weirdness & Mutations

((You are very nimble when in or above water. (Stealth+, EV+, Speed+++)))
Your lower body shifts to a powerful aquatic tail in water.


Message History

Confirm with . or Enter, or press ? or * to list all spells.
Aiming: Freeze (safe; 1% risk of failure)
Press: ? - help, Shift-Dir - straight line, f/p - gnoll sergeant
Aim: a gnoll sergeant, wielding a +0 trident, wearing a +2 ring mail of fire resistance and wearing a +2 kite shield of cold resistance (lightly wounded)
You freeze the gnoll sergeant.
The gnoll sergeant resists.
The gnoll sergeant is lightly wounded.
You feel sick.
The gnoll sergeant hits you with a +0 trident.
* * * LOW HITPOINT WARNING * * *
Casting: Freeze (safe; 1% risk of failure)
Confirm with . or Enter, or press ? or * to list all spells.
Aiming: Freeze (safe; 1% risk of failure)
Press: ? - help, Shift-Dir - straight line, f/p - gnoll sergeant
Aim: a gnoll sergeant, wielding a +0 trident, wearing a +2 ring mail of fire resistance and wearing a +2 kite shield of cold resistance (lightly wounded)
You freeze the gnoll sergeant.
The gnoll sergeant resists.
The gnoll sergeant is moderately wounded.
You feel sick.
The gnoll sergeant hits you with a +0 trident.
* * * LOW HITPOINT WARNING * * *
Casting: Freeze (safe; 1% risk of failure)
Confirm with . or Enter, or press ? or * to list all spells.
Aiming: Freeze (safe; 1% risk of failure)
Press: ? - help, Shift-Dir - straight line, f/p - gnoll sergeant
Aim: a gnoll sergeant, wielding a +0 trident, wearing a +2 ring mail of fire resistance and wearing a +2 kite shield of cold resistance (moderately wounded)
You freeze the gnoll sergeant.
The gnoll sergeant resists.
The gnoll sergeant is heavily wounded.
You feel sick.
The gnoll sergeant hits you but does no damage.
You hit the gnoll sergeant but do no damage.
The gnoll sergeant is heavily wounded.
You feel sick.
You are no longer poisoned.
The gnoll sergeant hits you with a +0 trident!
* * * LOW HITPOINT WARNING * * *
Unknown command.
Okay, then.
You hit the gnoll sergeant.
The gnoll sergeant is heavily wounded.
The gnoll sergeant hits you with a +0 trident.
You die...

..##..#########.............#
#'##..##............#########
...#...#....>.......#
...#...#............#
...#...#............#
...#...#............#
########............#
.............###'####
.............+.)@)#
.............#..g.#
.............#....#
.............#....#
########.....#....#
.......#.....#....#
.......#.[...#...##
.......#..<..#...#
.......#.....#


You could see a gnoll sergeant.

Vanquished Creatures
  Sigmund (D:2)
  A steam dragon (D:5)
  An orc warrior (D:6)
  An ice beast (D:5)
  An ogre (D:4)
  A phantom (D:4)
  A kobold brigand (Sewer)
  A scorpion (D:5)
  A howler monkey (D:5)
  4 hounds
  2 orc priests (D:5)
  An iguana (D:4)
  2 sleepcaps
  3 orc wizards
  6 adders
  10 gnolls
  3 river rats
  A white imp (D:5)
  4 worms
  6 dart slugs
  11 orcs
  13 ball pythons
  2 bats
  9 endoplasms
  3 giant cockroaches
  5 goblins
  4 hobgoblins
  4 jackals (D:4)
  4 quokkas
  5 frilled lizards
  8 kobolds
  8 rats
127 creatures vanquished.

Notes
Turn   | Place    | Note
-------+----------+-------------------------------------------
     0 | D:1      | safid the Merfolk Ice Elementalist began the quest for the
                  | Orb.
     0 | D:1      | Reached XP level 1. HP: 13/13 MP: 3/3
   220 | D:1      | Reached XP level 2. HP: 13/20 MP: 3/5
   268 | D:1      | Reached skill level 1 in Fighting
   429 | D:1      | Found Niocon's Book Emporium.
   683 | D:1      | Reached XP level 3. HP: 23/26 MP: 4/6
   689 | D:1      | Learned a level 3 spell: Frozen Ramparts
  1168 | D:2      | Found a runed translucent door.
  1169 | D:2      | Noticed Crazy Yiuf
  1299 | D:2      | Found a basalt altar of Yredelemnul.
  1431 | D:2      | Reached skill level 5 in Ice Magic
  1433 | D:2      | Reached XP level 4. HP: 28/33 MP: 3/8
  1439 | D:2      | Learned a level 3 spell: Ozocubu's Armour
  1664 | D:2      | Noticed Sigmund
  1680 | D:2      | Killed Sigmund
  1681 | D:2      | Reached XP level 5. HP: 9/41 MP: 0/10
  1681 | D:2      | Reached XP level 6. HP: 11/47 MP: 0/11
  2328 | D:3      | Learned a level 2 spell: Blink
  2499 | D:3      | Found a glowing drain.
  2506 | Sewer    | Entered a sewer
  2616 | Sewer    | Reached skill level 6 in Ice Magic
  3025 | D:3      | Reached XP level 7. HP: 54/54 MP: 13/13
  3059 | D:3      | Found a bloodstained altar of Trog.
  4305 | D:5      | Entered Level 5 of the Dungeon
  4307 | D:5      | Noticed a steam dragon
  4318 | D:4      | Reached skill level 5 in Fighting
  4429 | D:5      | Reached skill level 7 in Ice Magic
  4432 | D:5      | Reached skill level 5 in Spellcasting
  4432 | D:5      | Reached XP level 8. HP: 62/62 MP: 9/15
  4710 | D:5      | Identified the +5 quarterstaff "Beeq" {flame, Str+3 Int+2
                  | Dex-4}
  5072 | D:5      | Found a broken altar of Ashenzari.
  5529 | D:6      | Slain by a gnoll sergeant

Illustrated notes

Levels and vault maps discovered:
D:1:      nicolae_arrival_memento_mori, layout_loops_ring, serial_shops, shop,
          nicolae_concentric_dashed_squares_mild
D:2:      layout_basic, basic_altar, guppyfry_early_lair_pool,
          uniq_crazy_yiuf_cottage, uniq_sigmund
D:3:      layout_basic, trog_book, portal_sewer_entry_e
D:4:      layout_loops_cross, kennysheep_path_1
D:5:      layout_cave_pools, cheibrodos_ashenzari_chains, serial_bayou_pond_c,
          grunt_decor_arrowhead
D:6:      layout_gridville, okawaru_altar_gauntlet_db

Skill      XL: |  1  2  3  4  5  6  7  8 |
---------------+-------------------------+-----
Fighting       | 1 2 3 4 5 6 |  6.3
Ice Magic      | 5 6 7 |  7.9
Spellcasting   | 3 4 5 |  5.7
Dodging        | 3 |  3.3
Stealth        | |  2.1
Translocations | |  0.8

Action                     |  1- 3 |  4- 6 |  7- 9 || total
---------------------------+-------+-------+-------++-------
  Melee: Unarmed           |     3 |       |       ||     3
         Dagger            |    31 |       |       ||    31
         Spear             |    17 |    92 |   118 ||   227
         Tailslap          |       |     3 |       ||     3
         Punch             |       |     3 |       ||     3
         Quarterstaff      |       |       |    33 ||    33
   Cast: Freeze            |    20 |     8 |    10 ||    38
         Frozen Ramparts   |     1 |     8 |    14 ||    23
         Ozocubu's Armour  |       |     5 |    12 ||    17
    Use: Scroll            |       |       |     6 ||     6
   Stab: Sleeping          |     7 |     6 |     4 ||    17
 Armour: Robe              |    11 |    23 |    50 ||    84
  Dodge: Dodged            |    20 |    39 |    79 ||   138
  Block: Other             |     8 |    16 |    48 ||    72
